 Dungeon Crawl Stone Soup version 0.28.0-53-g5a82cb258f (webtiles) character file.

Game seed: 6891237928272713033

10167 DocClef the Nimble (level 11, -4/97 HPs)
             Began as a Grey Draconian Fighter on June 15, 2022.
             Was a High Priest of Okawaru.
             Slain by an eight-headed hydra (5 damage)
             ... on level 2 of the Lair of Beasts.
             The game lasted 00:14:57 (13602 turns).

DocClef the Nimble (Grey Draconian Fighter)        Turns: 13602, Time: 00:14:58

Health: -4/97      AC: 18    Str: 22    XL:     11   Next: 32%
Magic:  9/15       EV: 17    Int:  8    God:    Okawaru [*****.]
Gold:   618        SH:  5    Dex: 10    Spells: 10/10 levels left

rFire   + . .      SeeInvis .   w - +0 rapier (elec)
rCold   . . .      Faith    .   b - +0 buckler
rNeg    . . .      Spirit   .   (armour unavailable)
rPois   +          Reflect  .   I - +0 hat
rElec   .          Harm     .   D - +1 cloak
rCorr   .          Rampage  .   z - +0 pair of gloves
Will    .....                   J - +2 pair of boots
Stlth   +++.......              (no amulet)
HPRegen 1.06/turn               t - ring of protection from fire
MPRegen 0.14/turn               M - +4 ring of slaying

@: heroic, finesse-ful
A: AC +12, amphibious, unfitting armour, cold-blooded, poison resistance,
regeneration 1, weak 1
a: Renounce Religion, Heroism, Finesse, Duel


You were on level 2 of the Lair of Beasts.
You worshipped Okawaru.
Okawaru was extremely pleased with you.
You visited 3 branches of the dungeon, and saw 12 of its levels.

You collected 618 gold pieces.

Inventory:

Hand Weapons
 a - a +0 war axe of protection
 h - a +1 dagger of venom
 j - a +1 lajatang of electrocution
 w - a +0 rapier of electrocution (weapon)
Armour
 b - a +0 buckler (worn)
 z - a +0 pair of gloves (worn)
 D - a +1 cloak (worn)
 I - a +0 hat (worn)
 J - a +2 pair of boots (worn)
Jewellery
 l - an amulet of faith
 m - a ring of protection from fire
 t - a ring of protection from fire (left hand)
 C - a ring of resist corrosion
 M - a +4 ring of slaying (right hand)
Wands
 v - a wand of flame (36)
 B - a wand of polymorph (13)
 N - a wand of mindburst (15)
 O - a wand of digging (7)
Scrolls
 e - 3 scrolls of identify
 n - a scroll of fog
 p - 2 scrolls of enchant armour
 r - a scroll of teleportation
 s - a scroll of brand weapon
 u - a scroll of torment {unknown}
Potions
 c - 4 potions of might
 d - 2 potions of heal wounds
 f - a potion of berserk rage
 g - 6 potions of curing
 i - a potion of magic
 k - a potion of ambrosia
 o - a potion of cancellation
 q - a potion of invisibility
 E - 2 potions of degeneration {unknown}
 G - 2 potions of flight {unknown}
 H - a potion of resistance
 K - 2 potions of lignification {unknown}


   Skills:
 - Level 9.1(14.1) Fighting
 + Level 8.4(13.4) Short Blades
 - Level 2.0(7.0) Axes
 - Level 12.1(17.1) Dodging
 - Level 3.0(8.0) Shields
 - Level 5.4 Invocations


You had 10 spell levels left.
You didn't know any spells.
Your spell library contained the following spells:

 Spells                   Type           Power      Damage    Failure   Level
 Beastly Appendage        Tmut           0%         N/A       47%         1
 Sting                    Tmut/Pois      0%         1d3       47%         1
 Poisonous Vapours        Pois/Air       0%         N/A       63%         2
 Wereblood                Tmut           0%         N/A       63%         2
 Gell's Gravitas          Tloc           0%         N/A       85%         3
 Lesser Beckoning         Tloc           0%         N/A       85%         3
 Spider Form              Tmut/Pois      0%         N/A       85%         3
 Teleport Other           Tloc           0%         N/A       85%         3
 Olgreb's Toxic Radiance  Pois           0%         N/A       99%         4
 Fireball                 Conj/Fire      0%         3d3       100%        5
 Iskenderun's Battlesphe  Conj           0%         2d6       100%        5
 Conjure Ball Lightning   Conj/Air       0%         3x3d6     100%        6
 Dispersal                Tloc           0%         N/A       100%        6
 Orb of Destruction       Conj           0%         9d5       100%        7
 Ozocubu's Refrigeration  Ice            0%         4d5       100%        7
 Ignition                 Fire           0%         3d3       100%        8


Dungeon Overview and Level Annotations

Branches:
Dungeon (9/15)             Temple (1/1) D:4            Lair (2/6) D:9
  Swamp: Lair:2-4    Shoals: Lair:2-4     Snake: Lair:2-4    Spider: Lair:2-4
    Orc: D:9-12

Altars:
Ashenzari
Cheibriados
Dithmenos
Elyvilon
Fedhas
Gozag
Hepliaklqana
Kikubaaqudgha
Makhleb
Nemelex Xobeh
Okawaru
Qazlal
Ru
Sif Muna
Trog
Uskayaw
Vehumet
Wu Jian
Xom
Yredelemnul
Zin
The Shining One

Shops:
D:5 !


Innate Abilities, Weirdness & Mutations

Your dull iron-grey scales are very hard. (AC +12)
You are amphibious.
You cannot fit into any form of body armour.
You are cold-blooded and may be slowed by cold attacks.
Your system is resistant to poisons. (rPois)
Your natural rate of healing is unusually fast.
You are weak. (Str -2)


Message History

You block the eight-headed hydra's attack.
The eight-headed hydra bites you but does no damage.
The eight-headed hydra bites you. The eight-headed hydra misses you.
The eight-headed hydra completely misses you. x2
The eight-headed hydra bites you but does no damage.
The eight-headed hydra bites you.
You hit the eight-headed hydra.
The eight-headed hydra is lightly wounded.
The swamp worm misses you.
Unknown command.
You hit the eight-headed hydra.
The eight-headed hydra is moderately wounded.
You barely miss the eight-headed hydra. You tail-slap the eight-headed hydra.
The eight-headed hydra is moderately wounded.
The eight-headed hydra bites you!
* * * LOW HITPOINT WARNING * * *
The eight-headed hydra bites you!
* * * LOW HITPOINT WARNING * * *
The eight-headed hydra bites you but does no damage.
The eight-headed hydra closely misses you.
The eight-headed hydra bites you but does no damage. x2
The eight-headed hydra barely misses you.
The eight-headed hydra bites you but does no damage.
You hit the eight-headed hydra.
The eight-headed hydra is moderately wounded.
Unknown command.
The swamp worm fires a harpoon shot at you.
The harpoon shot hits you!
* * * LOW HITPOINT WARNING * * *
You are yanked forward by the harpoon shot.
The swamp worm fires a harpoon shot at you.
The harpoon shot misses you.
The eight-headed hydra closely misses you.
The eight-headed hydra bites you but does no damage.
The eight-headed hydra bites you!
* * * LOW HITPOINT WARNING * * *
The eight-headed hydra bites you but does no damage.
You block the eight-headed hydra's attack.
The eight-headed hydra bites you.
You die...

.... # ##....
$[.#.#......
...#.......
#.......... ..........
#####w........
###.#P.w......#
#.##...Dwl...P♣
#....@♣♣.w♣♣♣♣
##....♣♣ ..≈≈≈
#...^..♣♣≈≈≈≈≈≈≈
##.####.......♣♣≈≈≈≈≈≈
...#.........♣♣ ..≈≈≈≈
...........P.# ...♣♣♣
...........>.♣♣ ♣...
..........(...♣
..............♣


You could see an eight-headed hydra, a komodo dragon and 3 swamp worms.

Vanquished Creatures
  A hydra (Lair:1)
  2 two-headed ogres
  A cane toad (Lair:1)
  A black mamba (Lair:1)
  A komodo dragon (Lair:2)
  2 trolls
  Grinder (D:6)
  A hornet (D:9)
  4 blink frogs (Lair:1)
  A vampire (D:9)
  Eustachio (D:6)
  3 yaks (Lair:1)
  A steam dragon (D:9)
  Duvessa (D:4)
  2 water moccasins (Lair:2)
  An ice beast (D:6)
  An orc warrior (D:8)
  2 ogres
  2 sky beasts (D:6)
  25 wolves
  6 centaurs
  A bullfrog (D:6)
  2 gnoll sergeants
  A scorpion (D:5)
  Dowan (D:4)
  4 wights (D:7)
  2 electric eels (D:9)
  2 howler monkeys (D:9)
  A bullfrog zombie (D:5)
  3 centaur zombies
  2 jellies (D:5)
  Crazy Yiuf (D:4)
  5 orc priests
  A bullfrog skeleton (D:6)
  7 hounds
  Jessica (D:3)
  6 orc wizards
  2 iguanas (D:6)
  A hound skeleton (D:5)
  A howler monkey zombie (D:6)
  16 gnolls
  7 adders
  2 shadow imps (D:5)
  2 ufetubi
  A worm (D:3)
  A dart slug (D:3)
  24 orcs
  8 ball pythons
  6 endoplasms
  3 giant cockroaches
  6 goblins
  9 hobgoblins
  4 jackals (D:2)
  8 quokkas
  5 bats
  7 frilled lizards
  11 kobolds
  4 rats
228 creatures vanquished.

Vanquished Creatures (others)
  An orc wizard (D:6)
  11 fungi
  11 plants
23 creatures vanquished.

Grand Total: 251 creatures vanquished

Notes
Turn   | Place    | Note
-------+----------+-------------------------------------------
     0 | D:1      | DocClef the Draconian Fighter began the quest for the Orb.
     0 | D:1      | Reached XP level 1. HP: 19/19 MP: 1/1
   129 | D:1      | Reached XP level 2. HP: 27/27 MP: 2/2
   610 | D:1      | Reached XP level 3. HP: 34/34 MP: 3/3
   973 | D:2      | Reached skill level 5 in Fighting
  1224 | D:2      | Reached XP level 4. HP: 28/44 MP: 4/4
  1750 | D:2      | Reached XP level 5. HP: 13/51 MP: 5/5
  2362 | D:3      | Noticed Jessica
  2373 | D:3      | Killed Jessica
  3131 | D:3      | Reached XP level 6. HP: 60/60 MP: 6/6
  3510 | D:4      | Noticed Duvessa
  3510 | D:4      | Noticed Dowan
  3618 | D:5      | Entered Level 5 of the Dungeon
  4472 | D:4      | Found a staircase to the Ecumenical Temple.
  4474 | D:4      | Killed Dowan
  4484 | Temple   | Entered the Ecumenical Temple
  4844 | Temple   | Became a worshipper of Warmaster Okawaru
  4967 | D:5      | HP: 3/62 [hound skeleton (2)]
  5255 | D:5      | Found Ynouss's Distillery.
  5293 | D:5      | Your scales start taking on a dull iron-grey colour.
  5293 | D:5      | Reached XP level 7. HP: 51/69 MP: 7/7
  5441 | D:5      | Reached skill level 1 in Short Blades
  5517 | D:5      | Noticed a two-headed ogre
  5526 | D:5      | Killed a two-headed ogre
  5526 | D:5      | Reached * piety under Okawaru
  5527 | D:5      | Reached skill level 5 in Short Blades
  5527 | D:5      | Reached XP level 8. HP: 37/78 MP: 8/8
  6700 | D:4      | Found a runed translucent door.
  6701 | D:4      | Noticed Crazy Yiuf
  6730 | D:4      | Reached ** piety under Okawaru
  6731 | D:4      | Reached skill level 3 in Dodging
  6823 | D:4      | Killed Duvessa
  7287 | D:4      | Killed Crazy Yiuf
  7288 | D:4      | Reached skill level 4 in Dodging
  7527 | D:6      | Reached skill level 5 in Dodging
  7536 | D:6      | Reached XP level 9. HP: 83/83 MP: 9/9
  7617 | D:6      | Noticed Eustachio
  7628 | D:6      | Noticed Grinder
  7666 | D:6      | Killed Eustachio
  7910 | D:6      | Reached skill level 6 in Dodging
  8119 | D:6      | Paralysed by Grinder for 2 turns
  8125 | D:6      | Killed Grinder
  8126 | D:6      | Reached skill level 7 in Dodging
  8319 | D:6      | Noticed a troll
  8336 | D:6      | Killed a troll
  8336 | D:6      | Reached *** piety under Okawaru
  8634 | D:7      | Reached skill level 8 in Dodging
 10118 | D:7      | Reached skill level 9 in Dodging
 10835 | D:8      | Noticed an angel
 10836 | D:8      | Found a glowing silver altar of Zin.
 10909 | D:9      | Reached **** piety under Okawaru
 10910 | D:9      | Reached XP level 10. HP: 86/91 MP: 10/10
 11187 | D:9      | Reached skill level 10 in Dodging
 11223 | D:9      | Found a staircase to the Lair.
 11857 | D:9      | Noticed a two-headed ogre
 11864 | D:9      | Killed a two-headed ogre
 11865 | D:9      | Reached skill level 11 in Dodging
 12000 | Lair:1   | Entered Level 1 of the Lair of Beasts
 12009 | Lair:1   | Noticed a black mamba
 12088 | Lair:1   | Noticed a seven-headed hydra
 12109 | Lair:1   | Killed a black mamba
 12489 | Lair:1   | Reached ***** piety under Okawaru
 12494 | Lair:1   | Reached skill level 12 in Dodging
 12558 | Lair:1   | Received a gift from Okawaru
 12559 | Lair:1   | Reached skill level 1 in Invocations
 12720 | Lair:1   | Noticed a cane toad
 12730 | Lair:1   | Killed a cane toad
 12731 | Lair:1   | Reached XP level 11. HP: 96/97 MP: 11/13
 12910 | Lair:1   | Gained mutation: Your system is resistant to poisons.
                  | (rPois) [potion of mutation]
 12910 | Lair:1   | Gained mutation: Potions are less effective at restoring
                  | your health. [potion of mutation]
 12910 | Lair:1   | Gained mutation: You are occasionally teleported next to
                  | monsters. [potion of mutation]
 12911 | Lair:1   | Lost mutation: Potions are less effective at restoring your
                  | health. [potion of mutation]
 12911 | Lair:1   | Lost mutation: You are occasionally teleported next to
                  | monsters. [potion of mutation]
 12911 | Lair:1   | Gained mutation: You are weak. (Str -2) [potion of
                  | mutation]
 12911 | Lair:1   | Gained mutation: Your natural rate of healing is unusually
                  | fast. [potion of mutation]
 12980 | Lair:1   | Killed a seven-headed hydra
 13061 | Lair:1   | Reached skill level 5 in Invocations
 13582 | Lair:2   | Noticed an eight-headed hydra
 13602 | Lair:2   | HP: 1/97 [eight-headed hydra (12)]
 13602 | Lair:2   | Slain by an eight-headed hydra

Illustrated notes

Levels and vault maps discovered:
D:1:      dpeg_arrival_round_c, layout_loops_cross,
          nicolae_concentric_dashed_squares_mild, minmay_3d_cube
D:2:      layout_basic, minmay_distorted
D:3:      layout_loops_ring, minmay_misc_feat_plants, serial_bayou_pond_d,
          uniq_jessica
D:4:      layout_gridville, minmay_temple_entry_statues_pillars,
          uniq_crazy_yiuf_cottage, uniq_duvessa
D:5:      layout_gridville, serial_shops, nicolae_shop_trees
D:6:      layout_basic, uniq_eustachio, uniq_grinder
D:7:      layout_cave_pods
D:8:      layout_cave_pools, zin_angel
D:9:      layout_rooms, erik_lair_island, serial_glass, glass_columns_a,
          glass_columns_a, feat_on_display, due_unseen_surprise,
          feat_on_display, item_on_display_a
Temple:   mainiacjoe_temple_circle_huts
Lair:1:   layout_regular_city, gauntlet_entry_generic,
          grunt_forest_large_clearings
Lair:2:   layout_hall_layers, palyth_hydra_swamp_entry,
          minmay_snake_entry_guardpost_small

Skill      XL: |  1  2  3  4  5  6  7  8  9 10 11 |
---------------+----------------------------------+-----
Fighting       | 4 5 6 7 8 9 |  9.1
Short Blades   | 5 7 8 |  8.4
Dodging        | 5 9 12 | 12.1
Invocations    | 3 5 |  5.4
Axes           | |  2.0
Shields        | |  3.0

Action                   |  1- 3 |  4- 6 |  7- 9 | 10-12 || total
-------------------------+-------+-------+-------+-------++-------
Melee: War axe           |    20 |       |       |       ||    20
       Tailslap          |    15 |    31 |    43 |    43 ||   132
       Dagger            |    95 |   235 |    10 |       ||   340
       Rapier            |       |       |   326 |   270 ||   596
Invok: Heroism           |       |       |     3 |     5 ||     8
       Finesse           |       |       |       |     1 ||     1
  Use: Potion            |       |     1 |       |     4 ||     5
       Scroll            |       |       |       |    18 ||    18
Armor: Skin              |    42 |    65 |   210 |   157 ||   474
Dodge: Dodged            |    69 |   134 |   265 |   325 ||   793
Block: Buckler           |    28 |    65 |    89 |    91 ||   273
